 Dungeon Crawl Stone Soup version 0.31.0-32-g396128a36d (webtiles) character file.

Game seed: 12195243198287732808

2378 XharlemiX the Fighter (level 9, 0/78 HPs)
             Began as a Human Fighter on Apr 3, 2024.
             Slain by a killer bee (3 damage)
             ... on level 6 of the Dungeon.
             The game lasted 00:17:18 (6749 turns).

XharlemiX the Fighter (Human Fighter)               Turns: 6749, Time: 00:17:20

Health: 0/78       AC:  8    Str: 16    XL:     9   Next: 45%
Magic:  9/9        EV: 11    Int:  9    God:
Gold:   411        SH:  0    Dex: 21    Spells: 8/8 levels left

rFire   . . .        B - +0 falchion of Reason {spect, Dex+4 SInv}
rCold   . . .        c - +0 buckler
rNeg    . . .        r - +3 leather armour of Dust Devil {Harm}
rPois   .            (no helmet)
rElec   .            t - +1 cloak
rCorr   .            (no gloves)
SInv    +            (no boots)
Will    .....        m - amulet of reflection
Stlth   +            (no ring)
HPRegen 0.33/turn    (no ring)
MPRegen 0.11/turn

%: harm (+30% outgoing, +20% incoming), reflection
@: confused, lethally poisoned (0 -> -9), ambrosia-drunk
A: explore regen
a: no special abilities


You were on level 6 of the Dungeon.
You visited 1 branch of the dungeon, and saw 7 of its levels.

You collected 411 gold pieces.

Inventory:

Hand Weapons
 a - a +0 long sword
 B - the +0 falchion of Reason (weapon) {spect, Dex+4 SInv}
   (You found it on level 6 of the Dungeon)

   Dex+4:     It affects your dexterity (+4).
   SInv:      It lets you see invisible.
Armour
 c - a +0 buckler (worn)
 h - a +0 chain mail
 r - the +3 leather armour of Dust Devil (worn) {Harm}
   (You found it on level 2 of the Dungeon)

   Harm:      It increases damage dealt and taken.
 t - a +1 cloak (worn)
 z - a +0 plate armour
Magical Staves
 n - a staff of alchemy
 p - a staff of earth
 A - a staff of air
Jewellery
 e - a +6 ring of dexterity
 m - an amulet of reflection (around neck)
Talismans
 s - a serpent talisman
Scrolls
 f - a scroll of identify
 i - a scroll of immolation
 j - a scroll of teleportation
 k - 3 scrolls of enchant weapon
 C - a scroll of fear
Potions
 d - 3 potions of mutation
 g - 2 potions of attraction
 o - 3 potions of degeneration
 u - 2 potions of might
 D - a potion of lignification


   Skills:
 - Level 10.0 Fighting
 * Level 8.0 Long Blades
 - Level 3.0 Armour
 + Level 1.3 Dodging
 - Level 3.0 Shields
 + Level 0.8 Evocations


You had 8 spell levels left.
You didn't know any spells.
Your spell library contained the following spells:

 Spells                   Type           Power      Damage    Failure   Level
 Blink                    Tloc           0%         N/A       67%         2
 Lesser Beckoning         Tloc           0%         N/A       67%         2
 Momentum Strike          Conj/Tloc      0%         3d8       67%         2
 Sublimation of Blood     Necr           0%         N/A       67%         2
 Dazzling Flash           Conj/Hex       0%         N/A       88%         3
 Volatile Blastmotes      Fire/Tloc      0%         2d10      88%         3
 Petrify                  Alch/Erth      0%         N/A       99%         4
 Irradiate                Conj/Alch      0%         3d11      100%        5
 Starburst                Conj/Fire      0%         6d3       100%        6
 Maxwell's Capacitive Co  Air            0%         ∞         100%        8


Dungeon Overview and Level Annotations

Branches:
Dungeon (7/15)
 Temple: D:4-7

Altars:
Gozag
Hepliaklqana

Shops:
D:2 =   D:4 !


Innate Abilities, Weirdness & Mutations

You regain HP and MP as you explore.


Message History

The killer bee poisons you! The killer bee completely misses you.
The killer bee barely misses you. The killer bee stings you.
* * * LOW HITPOINT WARNING * * *
You feel better. You block the killer bee's attack. The killer bee stings you.
* * * LOW HITPOINT WARNING * * *
The killer bee stings you!
* * * LOW HITPOINT WARNING * * *
You block the killer bee's attack.
You are confused.
You feel invigorated.
The killer bee stings you but does no damage.
The killer bee stings you.
* * * LOW HITPOINT WARNING * * *
The killer bee stings you but does no damage.
The killer bee closely misses you.
You bump into the rock wall.
The killer bee stings you but does no damage.
The killer bee barely misses you. The killer bee stings you.
* * * LOW HITPOINT WARNING * * *
The killer bee stings you.
* * * LOW HITPOINT WARNING * * *
You bump into the rock wall.
The killer bee barely misses you.
The killer bee stings you but does no damage.
The killer bee stings you.
* * * LOW HITPOINT WARNING * * *
The killer bee closely misses you.
You hit the killer bee.
The killer bee is lightly wounded.
The killer bee stings you!
* * * LOW HITPOINT WARNING * * *
The killer bee stings you but does no damage.
The killer bee barely misses you.
The killer bee stings you but does no damage.
You bump into the rock wall.
The killer bee stings you.
* * * LOW HITPOINT WARNING * * *
You are lethally poisoned!
The killer bee poisons you! The killer bee stings you.
* * * LOW HITPOINT WARNING * * *
The killer bee stings you.
You die...

....# #.#...............#
....# #.#.####.......####
....## #.### ##.###...#
.....## #.#####..# #####
####^.#########.##....##
.............##........###
.#.#.#.#.#.#..##..##.....#
..............##y###.....#
#.#.#.#.#.#.>..y@# #.....#
#............##### #.....#
#########.##.# #.....#
####...#####.# ###.###
>.##...##.<#.# #.#
...#...#...#.# #.#
#..#...#..##.# #.#
###....)###..# #.#
.............# #.#


You could see 2 killer bees.

Vanquished Creatures
  Grinder (D:3)
  Sigmund (D:5)
  An orc warrior (D:7)
  3 black bears
  2 ice beasts
  2 ogres
  A centaur (D:6)
  A phantom (D:5)
  2 scorpions
  A water moccasin zombie (D:5)
  2 water moccasin skeletons (D:5)
  A killer bee (D:6)
  A howler monkey (D:6)
  A centaur zombie (D:5)
  2 bombardier beetles
  A jelly (D:4)
  3 orc priests
  2 hounds
  7 iguanas
  5 orc wizards
  A killer bee zombie (D:5)
  9 adders
  2 ufetubi
  An adder zombie (D:5)
  2 dart slugs
  6 ribbon worms (D:3)
  31 orcs
  5 endoplasms
  8 hobgoblins
  5 jackals
  3 quokkas
  7 ball pythons
  3 bats (D:1)
  4 frilled lizards (D:3)
  5 goblins
  7 kobolds
  8 rats
147 creatures vanquished.

Notes
Turn   | Place    | Note
-------+----------+-------------------------------------------
     0 | D:1      | XharlemiX the Human Fighter began the quest for the Orb.
     0 | D:1      | Reached XP level 1. HP: 18/18 MP: 1/1
   142 | D:1      | Reached XP level 2. HP: 23/24 MP: 2/2
   753 | D:1      | Reached XP level 3. HP: 30/30 MP: 3/3
  1207 | D:2      | Found Reaqydah's Jewellery Shop.
  1224 | D:2      | Reached XP level 4. HP: 37/37 MP: 4/4
  1229 | D:2      | Reached skill level 4 in Fighting
  1234 | D:2      | Identified the +3 leather armour of Dust Devil {Harm}
  1998 | D:3      | Noticed Grinder
  2008 | D:3      | Paralysed by Grinder for 4 turns
  2088 | D:3      | Found a hazy altar of Hepliaklqana.
  2146 | D:3      | Reached XP level 5. HP: 22/43 MP: 5/5
  2512 | D:3      | Reached skill level 5 in Fighting
  2776 | D:3      | Paralysed by Grinder for 5 turns
  2790 | D:3      | Paralysed by Grinder for 5 turns
  2798 | D:3      | Paralysed by Grinder for 2 turns
  2809 | D:3      | Killed Grinder
  2810 | D:3      | Reached skill level 6 in Fighting
  2810 | D:3      | Reached XP level 6. HP: 31/52 MP: 6/6
  3264 | D:4      | Noticed a black bear
  3273 | D:4      | Killed a black bear
  3274 | D:4      | Reached XP level 7. HP: 56/59 MP: 7/7
  3554 | D:4      | Found Mid Enne's Distillery.
  3932 | D:5      | Entered Level 5 of the Dungeon
  3932 | D:5      | Noticed Sigmund
  4451 | D:5      | Reached skill level 5 in Long Blades
  4462 | D:5      | Reached skill level 7 in Fighting
  4596 | D:5      | Killed Sigmund
  4597 | D:5      | Reached XP level 8. HP: 33/68 MP: 8/8
  4783 | D:5      | Reached skill level 8 in Fighting
  5201 | D:5      | Reached skill level 9 in Fighting
  5576 | D:6      | Reached XP level 9. HP: 77/77 MP: 9/9
  5716 | D:6      | Identified the +0 falchion of Reason {spect, Dex+4 SInv}
  6058 | D:6      | Found an opulent altar of Gozag.
  6066 | D:6      | Reached skill level 10 in Fighting
  6629 | D:7      | Reached skill level 1 in Dodging
  6748 | D:6      | HP: 3/78 [killer bee (8)]
  6749 | D:6      | Slain by a killer bee

Illustrated notes

Levels and vault maps discovered:
D:1:      amcnicky_arrival_abandoned_market, layout_basic
D:2:      layout_loops_cross, serial_shops, shop
D:3:      layout_loops_ring, mainiacjoe_overflow_tiny_flanked, minivault_11,
          nicolae_wormholes, uniq_grinder
D:4:      layout_gridville, serial_shops, nicolae_shop_peninsula,
          nicolae_tricolors
D:5:      layout_rooms, serial_undead, serial_undead_f, serial_undead_a,
          serial_undead_b, serial_undead_f, serial_undead_f, uniq_sigmund
D:6:      layout_basic, grunt_gozag_statues, minmay_misc_feat_pillars,
          grunt_ministairs_6
D:7:      layout_cave_pools, minmay_temple_entry_offerings, uniq_joseph,
          uniq_jeremiah, uniq_crazy_yiuf_cottage

Skill      XL: |  1  2  3  4  5  6  7  8  9 |
---------------+----------------------------+-----
Fighting       | 4 6 7 9 10 | 10.0
Long Blades    | 3 4 5 6 8 |  8.0
Dodging        | 1 |  1.3
Armour         | |  3.0
Shields        | |  3.0
Evocations     | |  0.8

Action                     |  1- 3 |  4- 6 |  7- 9 || total
---------------------------+-------+-------+-------++-------
  Melee: Long sword        |    84 |   165 |   234 ||   483
         Falchion          |       |       |    81 ||    81
  Throw: Throwing net      |       |       |     1 ||     1
    Use: Potion            |       |     7 |     6 ||    13
         Scroll            |       |       |    12 ||    12
   Stab: Sleeping          |       |       |     1 ||     1
 Armour: Scale mail        |    37 |       |       ||    37
         Chain mail        |    31 |       |       ||    31
         Leather armour    |       |    85 |   234 ||   319
         Skin              |       |    12 |       ||    12
  Dodge: Dodged            |    33 |    67 |   180 ||   280
  Block: Buckler           |    25 |    65 |   186 ||   276
         Reflection        |       |     3 |     2 ||     5
